 Dungeon Crawl Stone Soup version 0.29.0-13-gc9e81de378 (webtiles) character file.

Game seed: 5515403168470008474

147 sanka the Insei (level 5, -2/45 HPs)
             Began as a Draconian Monk on Sept 8, 2022.
             Slain by Grinder (4 damage)
             ... while paralysed by Grinder
             ... on level 3 of the Dungeon.
             The game lasted 00:03:10 (2663 turns).

sanka the Insei (Draconian Monk)                    Turns: 2663, Time: 00:03:10

Health: -2/45      AC:  6    Str: 13    XL:     5   Next: 7%
Magic:  5/5        EV:  2    Int: 13    God:
Gold:   216        SH:  0    Dex: 19    Spells: 4/4 levels left

rFire   . . .      SeeInvis .     - Unarmed
rCold   . . .      Faith    .   (no shield)
rNeg    . . .      Spirit   .   (body armour unavailable)
rPois   .          Reflect  .   (helmet restricted)
rElec   .          Harm     .   (no cloak)
rCorr   .          Rampage  .   (no gloves)
Will    .....                   l - +0 pair of boots
Stlth   ++........              (no amulet)
HPRegen 0.15/turn               (no ring)
MPRegen 0.09/turn               j - +6 ring of dexterity

@: paralysed
A: AC +5, unfitting armour, cold-blooded
a: no special abilities


You were on level 3 of the Dungeon.
You visited 1 branch of the dungeon, and saw 3 of its levels.

You collected 216 gold pieces.


Innate Abilities, Weirdness & Mutations

Your plain brown scales are hard. (AC +5)
You cannot fit into any form of body armour.
You are cold-blooded and may be slowed by cold attacks.


   Skills:
 - Level 3.2 Fighting
 - Level 2.6 Dodging
 - Level 1.7 Stealth
 + Level 5.8 Unarmed Combat


You had 4 spell levels left.
You didn't know any spells.
Your spell library contained the following spells:

 Spells                   Type           Power      Damage    Failure   Level
 Sublimation of Blood     Necr           0%         N/A       43%         2
 Wereblood                Tmut           0%         N/A       43%         2
 Ozocubu's Armour         Ice            0%         N/A       67%         3
 Ozocubu's Refrigeration  Ice            0%         4d7       100%        7
 Summon Hydra             Summ           0%         N/A       100%        7

Inventory:

Armour
 l - a +0 pair of boots (worn)
Magical Staves
 d - a staff of conjuration {!a}
Jewellery
 j - a +6 ring of dexterity (right hand)
Wands
 e - a wand of flame (28)
Scrolls
 f - a scroll of vulnerability {unknown}
 g - 3 scrolls of identify {unknown}
 k - 2 scrolls of magic mapping {unknown}
 m - a scroll of noise {unknown}
Potions
 a - a potion of ambrosia
 b - 5 potions of curing {unknown}
 c - 2 potions of brilliance {unknown}
 h - 2 potions of haste {unknown}
 i - a potion of heal wounds {unknown}

Dungeon Overview and Level Annotations

Branches:
Dungeon (3/15)

Altars:
Gozag

Annotations:
D:3 Grinder

▒......▒▒▒▒▒▒▒▒▒
▒......▒ ▒......▒
▒......▒▒▒▒▒▒
▒......▒▒...▒
▒......▒▒...▒
▒......▒▒...▒▒▒▒▒▒
▒....o{..........▒
▒....d5o.........▒
▒.▒▒▒▒▒..........▒ ▒.
▒..........▒
▒▒▒.▒▒▒▒▒..........▒
........▒.†........▒
........▒..........▒▒▒▒.
......................'o
........▒..........▒▒▒▒.
.......†........▒▒▒▒


You could see Grinder and 2 orcs.


Message History

Something tries to affect you, but you resist.
Unknown command.
You closely miss Grinder. You tail-slap Grinder.
Grinder is lightly wounded.
Grinder gestures at you.
You suddenly lose the ability to move!
The orc hits you with a +0 flail. Something hits you. Something freezes you.
Grinder hits you.
* * * LOW HITPOINT WARNING * * *
You writhe in agony.
* * * LOW HITPOINT WARNING * * *
The orc hits you with a +0 flail.
* * * LOW HITPOINT WARNING * * *
You hear some strange, mumbled words.
A magic dart appears from out of thin air!
The magic dart hits you.
* * * LOW HITPOINT WARNING * * *
Grinder says, "Wait up."
Grinder hits you.
* * * LOW HITPOINT WARNING * * *
The orc hits you but does no damage. Something hits you but does no damage.
You feel less confused. Grinder hits you.
* * * LOW HITPOINT WARNING * * *
You writhe in agony.
You die...

Action                   |  1- 3 |  4- 6 || total
-------------------------+-------+-------++-------
Melee: Unarmed           |   106 |   117 ||   223
       Tailslap          |    10 |    17 ||    27
       Punch             |       |     4 ||     4
 Stab: Sleeping          |     3 |     4 ||     7
Armor: Skin              |    34 |    48 ||    82
Dodge: Dodged            |    63 |    70 ||   133

Levels and vault maps discovered:
D:1:      elethiomel_arrival_quiet, layout_basic, basic_ecumenical_altar,
          minmay_misc_feat_nine_boxes
D:2:      minmay_chambers_of_twos, layout_basic, basic_altar,
          serial_park_tiny_2, minmay_close_crescents, uniq_robin
D:3:      layout_basic, minmay_overflow_temple_star_quad, st_stairs_10,
          minmay_misc_feat_cross, minmay_diced_spiral, uniq_grinder

Notes
Turn   | Place    | Note
-------+----------+-------------------------------------------
     0 | D:1      | sanka the Draconian Monk began the quest for the Orb.
     0 | D:1      | Reached XP level 1. HP: 19/19 MP: 1/1
   203 | D:1      | Reached XP level 2. HP: 26/26 MP: 2/2
   264 | D:1      | Found a faded altar of an unknown god.
   522 | D:1      | Reached skill level 4 in Unarmed Combat
   762 | D:2      | Found an opulent altar of Gozag.
   863 | D:2      | Reached XP level 3. HP: 6/31 MP: 3/3
  1115 | D:2      | Noticed Robin
  1273 | D:2      | Killed Robin
  1367 | D:2      | Reached skill level 5 in Unarmed Combat
  1367 | D:2      | Reached XP level 4. HP: 28/38 MP: 4/4
  2201 | D:3      | Reached XP level 5. HP: 32/45 MP: 5/5
  2634 | D:3      | Noticed Grinder
  2660 | D:3      | Paralysed by Grinder for 5 turns
  2662 | D:3      | HP: 4/45 [Grinder (6)]
  2663 | D:3      | Slain by Grinder

Vanquished Creatures
  Robin (D:2)
  4 adders (D:2)
  3 worms (D:2)
  2 dart slugs
  4 orcs (D:3)
  6 bats
  6 endoplasms
  A giant cockroach (D:3)
  13 goblins
  6 hobgoblins
  4 jackals (D:3)
  7 kobolds
  4 quokkas (D:1)
  4 ball pythons
  3 frilled lizards
  14 rats
82 creatures vanquished.
